 Dungeon Crawl Stone Soup version 0.30.1-11-g7821555f0a (webtiles) character file.

Game seed: 10271788050631680054

360545 Peloso the Minotaur Barricade (level 21, -11/189 HPs)
             Began as a Minotaur Fighter on Nov 18, 2023.
             Was the Champion of Okawaru.
             Killed from afar by a tengu reaver (45 damage)
             ... with a bolt of cold
             ... on level 3 of the Vaults.
             The game lasted 02:12:40 (44616 turns).

Peloso the Minotaur Barricade (Minotaur Fighter)   Turns: 44616, Time: 02:12:41

Health: -11/189    AC: 36    Str: 23    XL:     21   Next: 48%
Magic:  19/21      EV: 23    Int: 12    God:    Okawaru [******]
Gold:   761        SH: 21    Dex: 31    Spells: 20/20 levels left

rFire   . . .        Q - +3 demon blade (heavy)
rCold   . . .        P - +0 kite shield {reflect}
rNeg    . . .        m - +7 plate armour of Pessimism {Will+ Regen+ Int+5}
rPois   .            n - +3 crown of Dyrovepreva {rElec Int+2 SInv}
rElec   +            x - +0 cloak {rCorr}
rCorr   +            f - +3 pair of gauntlets of War {Slay+5}
SInv    +            G - +2 pair of slick slippers {slick, slippery, EV+4}
Will    ++...        S - amulet of regeneration Stlth
                     D - +6 ring of dexterity
HPRegen 2.11/turn    s - +6 ring of dexterity
MPRegen 0.17/turn

%: reflection, clarity
@: heroic
A: horns 2, retaliatory headbutt, iridescent scales 1, clarity, deformed body,
frail 1
}: 2/15 runes: serpentine, barnacled
a: Renounce Religion, Heroism, Finesse, Duel


You were on level 3 of the Vaults.
You worshipped Okawaru.
Okawaru was exalted by your worship.
You visited 8 branches of the dungeon, and saw 37 of its levels.
You visited the Abyss 1 time.
You also visited: Sewer, Ice Cave and Desolation.

You collected 4600 gold pieces.
You spent 3839 gold pieces at shops.

Inventory:

Hand Weapons
 a - the +2 Maxwell's thermic engine {flame, freeze, rev}
   (You found it in an ice cave)
 b - the +7 scimitar of Wujaumam {antimagic, Dex+2 Stlth+}
   (You bought it in a shop on level 2 of the Orcish Mines)

   Dex:       It affects your dexterity (+2).
   Stlth:     It makes you more stealthy.
 c - a +1 double sword of holy wrath
 p - the +9 scimitar of Midnight {drain, rN+ MP+9}
   (Okawaru gifted it to you in the Desolation of Salt)

   rN:        It protects you from negative energy.
   MP:        It affects your magic capacity (+9).
 Q - a +3 heavy demon blade (weapon)
Armour
 d - a +2 tower shield of fire resistance
 f - the +3 pair of gauntlets of War (worn) {Slay+5}
   (Okawaru gifted it to you on level 2 of the Lair of Beasts)

   Slay:      It affects your accuracy & damage with ranged weapons and melee
   (+5).
 m - the +7 plate armour of Pessimism (worn) {Will+ Regen+ Int+5}
   (You found it on level 4 of the Lair of Beasts)

   Int:       It affects your intelligence (+5).
   Regen:     It increases your rate of health regeneration.
   Will:      It increases your willpower.
 n - the +3 crown of Dyrovepreva (worn) {rElec Int+2 SInv}
   (You bought it in a shop on level 1 of the Shoals)

   Int:       It affects your intelligence (+2).
   rElec:     It insulates you from electricity.
   SInv:      It lets you see invisible.
 r - the +8 plate armour of Matadarr {rElec Int+3}
   (You found it on level 3 of the Elven Halls)

   Int:       It affects your intelligence (+3).
   rElec:     It insulates you from electricity.
 u - the +0 pair of boots of the Distant Future {rElec rC+}
   (You found it on level 3 of the Elven Halls)

   rC:        It protects you from cold.
   rElec:     It insulates you from electricity.
 x - a +0 cloak of preservation (worn)
 G - the +2 pair of slick slippers (worn) {slick, slippery, EV+4}
   (Okawaru gifted it to you on level 2 of the Orcish Mines)

   Slick:     Its wearer cannot be constricted, engulfed, netted or webbed.
   Slippery:  Its wearer slips away from damaging melee attacks, pulling the
   attacker onward.
   EV:        It affects your evasion (+4).
 P - a +0 kite shield of reflection (worn)
Jewellery
 e - the ring of Summertime {rC- Str+6 Int+5 Dex+2}
   (You took it off a deep elf annihilator on level 3 of the Elven Halls)

   [ring of strength]

   Str:       It affects your strength (+6).
   Int:       It affects your intelligence (+5).
   Dex:       It affects your dexterity (+2).
   rC:        It makes you vulnerable to cold.
 g - the ring "Qasoe" {Str+6 Int+7 Stlth-}
   (You took it off a deep elf elementalist on level 3 of the Elven Halls)

   [ring of strength]

   Str:       It affects your strength (+6).
   Int:       It affects your intelligence (+7).
   Stlth:     It makes you less stealthy.
 h - a +6 ring of strength
 i - a ring of protection from fire
 s - a +6 ring of dexterity (right hand)
 y - an amulet of reflection
 D - a +6 ring of dexterity (left hand)
 J - the amulet "Geyp Icvoo" {Spirit +Inv rPois rF- rCorr}
   (You found it on level 2 of the Vaults)

   [amulet of guardian spirit]

   It causes incoming damage to be divided between your reserves of health and
   magic.
   rF:        It makes you vulnerable to fire.
   rPois:     It protects you from poison.
   +Inv:      It lets you turn invisible.
   rCorr:     It protects you from acid and corrosion.
 S - an amulet of regeneration (around neck)
 V - a ring of poison resistance
 W - a ring of protection from cold
Wands
 k - a wand of iceblast (11)
 q - a wand of flame (5)
 F - a wand of digging (1)
 L - a wand of light (4)
 X - a wand of mindburst (20)
Scrolls
 j - 23 scrolls of teleportation
 t - 5 scrolls of fear
 w - a scroll of fog
 B - 4 scrolls of immolation
 E - 2 scrolls of magic mapping
 H - a scroll of acquirement
 N - 4 scrolls of poison
 T - 24 scrolls of identify
 U - 2 scrolls of blinking
Potions
 l - 2 potions of heal wounds
 o - 8 potions of flight
 v - 11 potions of curing
 z - a potion of invisibility
 A - 4 potions of might
 C - 5 potions of mutation
 I - 6 potions of haste
 K - a potion of berserk rage
 M - 3 potions of resistance
 O - a potion of experience
 R - a potion of brilliance


   Skills:
 + Level 23.1(27) Fighting
 + Level 23.6(27) Long Blades
 + Level 2.2(7.2) Maces & Flails
 + Level 17.7(22.7) Armour
 + Level 7.6(12.6) Dodging
 + Level 2.7(7.7) Stealth
 O Level 27 Shields
 + Level 2.6 Invocations


You had 20 spell levels left.
You didn't know any spells.
Your spell library contained the following spells:

 Spells                   Type           Power      Damage    Failure   Level
 Beastly Appendage        Tmut           0%         N/A       85%         1
 Freeze                   Ice            0%         1d3       85%         1
 Magic Dart               Conj           0%         1d3       85%         1
 Cigotuvi's Dreadful Rot  Necr/Pois/Air  0%         N/A       94%         2
 Ensorcelled Hibernation  Hex/Ice        0%         N/A       94%         2
 Momentum Strike          Conj/Tloc      0%         3d8       94%         2
 Searing Ray              Conj           0%         2d4       94%         2
 Dazzling Flash           Conj/Hex       0%         N/A       99%         3
 Frozen Ramparts          Ice            0%         1d1       99%         3
 Hailstorm                Conj/Ice       0%         3d3       99%         3
 Ignite Poison            Fire/Tmut/Pois 0%         N/A       99%         3
 Mephitic Cloud           Conj/Pois/Air  0%         N/A       99%         3
 Portal Projectile        Hex/Tloc       0%         N/A       99%         3
 Stone Arrow              Conj/Erth      0%         3d7       99%         3
 Vhi's Electric Charge    Tloc/Air       0%         N/A       99%         3
 Volatile Blastmotes      Fire/Tloc      0%         2d10      99%         3
 Anguish                  Hex/Necr       0%         N/A       100%        4
 Cause Fear               Hex            0%         N/A       100%        4
 Dispel Undead            Necr           0%         3d6       100%        4
 Flame Wave               Conj/Fire      0%         2d4       100%        4
 Fulminant Prism          Conj/Hex       0%         3d5       100%        4
 Ice Form                 Ice/Tmut       0%         N/A       100%        4
 Iskenderun's Mystic Bla  Conj/Tloc      0%         2d3       100%        4
 Leda's Liquefaction      Hex/Erth       0%         N/A       100%        4
 Olgreb's Toxic Radiance  Pois           0%         N/A       100%        4
 Petrify                  Tmut/Erth      0%         N/A       100%        4
 Agony                    Necr           0%         N/A       100%        5
 Borgnjor's Vile Clutch   Necr/Erth      0%         N/A       100%        5
 Irradiate                Conj/Tmut      0%         3d11      100%        5
 Lee's Rapid Deconstruct  Erth           0%         3d4*      100%        5
 Metabolic Englaciation   Hex/Ice        0%         N/A       100%        5
 Silence                  Hex/Air        0%         N/A       100%        5
 Eringya's Noxious Bog    Tmut/Pois      0%         N/A       100%        6
 Plasma Beam              Fire/Air       0%         2x1d11    100%        6
 Starburst                Conj/Fire      0%         6d3       100%        6
 Statue Form              Tmut/Erth      0%         N/A       100%        6
 Dragon Form              Tmut           0%         N/A       100%        7
 Enfeeble                 Hex            0%         N/A       100%        7
 Ignition                 Fire           0%         3d3       100%        8
 Lehudib's Crystal Spear  Conj/Erth      0%         10d2      100%        8
 Fire Storm               Conj/Fire      0%         5d1       100%        9
 Polar Vortex             Ice            0%         N/A       100%        9
 Shatter                  Erth           0%         3d5*      100%        9
 Call Imp                 Summ           Unusable   N/A       N/A         2
 Call Canine Familiar     Summ           Unusable   N/A       N/A         3
 Animate Armour           Summ/Erth      Unusable   N/A       N/A         4
 Summon Ice Beast         Ice/Summ       Unusable   N/A       N/A         4
 Summon Forest            Summ/Tloc      Unusable   N/A       N/A         5
 Death Channel            Necr           Unusable   N/A       N/A         6
 Simulacrum               Ice/Necr       Unusable   N/A       N/A         6
 Summon Hydra             Summ           Unusable   N/A       N/A         7
 Dragon's Call            Summ           Unusable   N/A       N/A         9

Dungeon Overview and Level Annotations

Branches:
Dungeon (15/15)            Temple (1/1) D:6            Lair (5/5) D:9
 Shoals (4/4) Lair:2        Snake (4/4) Lair:2        Slime (0/5) Lair:4
    Orc (2/2) D:12            Elf (3/3) Orc:2        Vaults (3/5) D:14
 Depths (0/4) D:15          Sewer (visited)           IceCv (visited)
Desolation (visited)
  Crypt: Vaults:2-3

Altars:
Ashenzari
Fedhas
Hepliaklqana
Okawaru
Trog
Uskayaw
Vehumet
Xom
Zin
The Shining One

Shops:
D:5 :   D:8 :   Orc:1 (   Orc:2 *([=   Elf:3 [[*   Shoals:1 [!:!   Shoals:3 :
Snake:1 (?   Vaults:3 [

Annotations:
Lair:1 Casa
Elf:2 3 runed translucent doors


Innate Abilities, Weirdness & Mutations

You have a pair of horns on your head.
You reflexively headbutt those who attack you in melee.
You are partially covered in iridescent scales. (AC +2)
You possess an exceptional clarity of mind.
Armour fits poorly on your strangely shaped body.
You are frail. (-10% HP)


Message History

* * * LOW HITPOINT WARNING * * *
You slip backwards!
Unknown command.
Blink to where?
Press: ? - help, Dir - move target
As you read the scroll of blinking, it crumbles to dust.
You feel sick.
You feel much better.
You feel sick. The fire giant casts a spell at you. The bolt of fire hits you.
* * * LOW HITPOINT WARNING * * *
You feel much better.
You feel sick.
You are no longer poisoned.
Unknown command.
You feel much better.
The vault warden activates a sealing rune.
Unknown command.
You gain the combat prowess of a mighty hero.
You block the ironbound preserver's attack.
The fire giant hits you but does no damage.
The tengu reaver completely misses you. You furiously retaliate!
You headbutt the tengu reaver! The tengu reaver completely misses you.
The tengu reaver misses you.
You slash the fire giant! You headbutt the fire giant!
The fire giant is moderately wounded.
You block the ironbound preserver's attack.
The tengu reaver hits you with a +1 battleaxe of flaming!!
The tengu reaver burns you!
The tengu reaver pecks you but does no damage.
You block the tengu reaver's attack.
The fire giant hits you with a +1 great sword of flaming!
* * * LOW HITPOINT WARNING * * *
The fire giant burns you!
* * * LOW HITPOINT WARNING * * *
You chop the fire giant into pieces!!!
The fire giant is almost dead.
You block the ironbound preserver's attack.
The tengu reaver gestures at you while chanting.
The bolt of cold hits you!!!
You die...

......................#
.......[..............#
...####+###...........#
#).....#...........#
#.)!...#....).!....#
#......#...........#
#.....p#......(....#
#....CQ#...........#
#....p@#...........#
#+#######..........#
#..........#
#..........#
#..........#
#########..#
..#.......#..#
..#.......#..#
.'.......#..#


You could see an ironbound preserver (strong), a fire giant, a vault warden and
a tengu reaver.

Vanquished Creatures
  Jorgrun (Shoals:1)
  Zenata (Elf:3)
  2 deep elf master archers (Elf:3)
  Asterion (Snake:4)
  2 deep elf blademasters (Elf:3)
  2 krakens
  2 sphinxes (Vaults:2)
  A shadow dragon (Elf:1)
  A storm dragon (Elf:1)
  Roxanne (Elf:2)
  6 nagarajas
  A frost giant (Vaults:2)
  Donald (Shoals:4)
  A fire giant (D:15)
  4 deep elf elementalists (Elf:3)
  Aizul (Snake:1)
  2 deep elf sorcerers (Elf:3)
  2 imperial myrmidons (Desolation)
  6 vault wardens
  Louise (Shoals:4)
  An orc warlord (Vaults:3)
  A war gargoyle (Vaults:1)
  3 very ugly things (Vaults:2)
  9 ironbound preservers
  6 ironbound thunderhulks
  A stone giant (Orc:2)
  11 deep elf demonologists
  8 deep elf annihilators
  3 halazid warlocks (Desolation)
  2 blizzard demons (IceCv)
  3 merfolk javelineers (Shoals:4)
  Josephine (D:15)
  5 deep elf death magi
  A crystal guardian (Desolation)
  3 ettins
  12 merfolk impalers
  A fire dragon (Elf:1)
  2 yaktaur captains
  2 great orbs of eyes (Vaults:2)
  4 deep elf high priests
  An entropy weaver (Vaults:3)
  A rakshasa (D:12)
  3 servants of whispers (Desolation)
  4 ragged hierophants (Desolation)
  3 salamander tyrants (Snake:4)
  A death knight (D:15)
  11 vault guards
  10 peacekeepers
  2 ice dragons
  6 hydras
  5 ironbound frosthearts
  8 merfolk avatars
  A caustic shrike simulacrum (IceCv)
  9 boulder beetles
  7 anacondas
  13 dancing weapons
  10 merfolk aquamancers
  3 satyrs
  21 centaur warriors
  3 two-headed ogres
  17 naga warriors
  3 death yaks (D:9)
  18 naga sharpshooters
  4 tengu warriors
  2 orc high priests (Elf:1)
  2 thrashing horrors (Abyss:2)
  7 shock serpents
  3 hell knights (Vaults:3)
  15 deep elf knights
  Amaemon (D:10)
  A sixfirhy (Abyss:2)
  A shadow wraith (Abyss:2)
  6 skeletal warriors (D:15)
  A salamander mystic (Snake:4)
  20 sea snakes
  12 skysharks
  3 naga ritualists
  A glowing orange brain (Abyss:2)
  An obsidian statue (IceCv)
  A flayed ghost (D:15)
  24 deep trolls
  18 deep elf archers
  11 harpies
  Pikel (D:4)
  9 spriggan simulacra (IceCv)
  11 ironbound convokers
  A bog body (IceCv)
  2 orc knights (Vaults:3)
  A necromancer (Vaults:3)
  9 deep elf pyromancers
  5 lindwurms
  3 wizards
  3 orc sorcerers
  An oklob plant (Lair:5)
  32 deep elf zephyrmancers
  23 ugly things
  4 mana vipers
  20 manticores
  A phantasmal warrior (D:15)
  21 cyclopes
  23 fauns
  7 salamanders
  10 elephants
  Joseph (D:7)
  12 merfolk sirens
  An elf zombie (Vaults:3)
  25 black mambas
  An eye of devastation (shapeshifter) (Vaults:2)
  8 water nymphs
  8 vault sentinels
  2 smoke demons (Abyss:2)
  14 naga magi
  7 guardian serpents
  A demonic crawler (Abyss:2)
  A yaktaur zombie (Vaults:3)
  A gargoyle (D:5)
  An orange demon (D:10)
  3 rime drakes
  17 cane toads
  An unseen horror (D:12)
  A rime drake (shapeshifter) (D:15)
  9 komodo dragons
  2 freezing wraiths
  17 yaktaurs
  An anaconda simulacrum (IceCv)
  3 tengu conjurers
  4 efreet
  7 ice devils (IceCv)
  An ancient zyme (Abyss:2)
  2 golden dragon simulacra (IceCv)
  8 trolls
  13 wind drakes
  3 meliai (D:15)
  3 hornets
  11 polar bears
  33 saltlings (Desolation)
  36 merfolk
  Grinder (D:3)
  24 blink frogs
  8 raiju
  8 snapping turtles
  A blink frog (shapeshifter) (D:15)
  A stone giant simulacrum (Vaults:3)
  2 large abominations (Abyss:2)
  A shadow (D:10)
  2 ynoxinuls (Abyss:2)
  27 slime creatures
  Sigmund (D:2)
  26 water elementals
  3 air elementals
  6 wyverns
  9 wraiths
  3 fire bats (Abyss:2)
  54 yaks
  Eustachio (D:4)
  4 fire elementals
  3 dire elephant simulacra (IceCv)
  2 steam dragons (D:6)
  A neqoxec (Abyss:2)
  14 minotaur simulacra (IceCv)
  4 basilisks
  A redback (Vaults:3)
  A yaktaur simulacrum (Vaults:3)
  2 vampire mosquitoes (D:14)
  Menkaure (D:5)
  7 wargs
  Edmund (D:6)
  3 small abominations (Abyss:2)
  2 acid dragons
  48 nagas
  25 water moccasins
  3 harpy simulacra (IceCv)
  13 hell hounds (Lair:5)
  2 hydra simulacra (IceCv)
  Duvessa (D:7)
  22 orc warriors
  An ettin simulacrum (IceCv)
  4 sky beasts
  14 black bears
  An ice beast (D:6)
  2 alligator simulacra (IceCv)
  13 wolves (Lair:5)
  25 centaurs
  3 ogres
  3 phantoms
  2 kobold brigands
  12 bullfrogs
  7 scorpions
  3 earth elementals
  3 gnoll sergeants
  8 deep troll simulacra (IceCv)
  5 wights
  Dowan (D:7)
  A vampire bat (Lair:5)
  5 killer bees (D:11)
  4 howler monkeys
  An electric eel (Snake:4)
  2 hounds (D:6)
  2 sleepcaps
  A gnoll bouda (D:7)
  Crazy Yiuf (D:2)
  14 orc priests
  5 iguanas
  Ijyb (D:3)
  Terence (D:3)
  Natasha (thrice) (D:2)
  22 orc wizards
  4 hell rats (Lair:5)
  9 gnolls
  17 adders
  A river rat (Sewer)
  3 shadow imps
  4 white imps
  3 ufetubi
  4 worms
  2 dart slugs
  69 orcs
  12 bats
  6 endoplasms
  2 giant cockroaches
  8 goblins
  7 hobgoblins
  9 jackals
  2 quokkas (D:1)
  6 ball pythons
  3 frilled lizards
  8 kobolds
  5 rats (Sewer)
  18 spectral weapons (Snake:4)
  6 tentacles
1573 creatures vanquished.

Vanquished Creatures (others)
  An ogre mage (Vaults:1)
  A deep elf knight (Elf:1)
  2 deep elf pyromancers
  A manticore (Lair:2)
  An unseen horror (D:12)
  A tengu conjurer (D:15)
  2 orc priests (Elf:1)
  An orc wizard (Orc:2)
  2 orcs (Elf:1)
  A lurking horror (Abyss:2)
  12 tentacles
25 creatures vanquished.

Grand Total: 1598 creatures vanquished

Notes
Turn   | Place    | Note
-------+----------+-------------------------------------------
     0 | D:1      | Peloso the Minotaur Fighter began the quest for the Orb.
     0 | D:1      | Reached XP level 1. HP: 19/19 MP: 0/0
   132 | D:1      | Reached XP level 2. HP: 27/27 MP: 1/1
   310 | D:1      | Reached skill level 4 in Shields
   558 | D:1      | Reached XP level 3. HP: 33/33 MP: 2/2
   749 | D:1      | Gained mutation: You are partially covered in iridescent
                  | scales. (AC +2) [potion of mutation]
   749 | D:1      | Gained mutation: You possess an exceptional clarity of
                  | mind. [potion of mutation]
   914 | D:2      | Noticed Natasha
   920 | D:2      | Killed Natasha
   921 | D:2      | Reached XP level 4. HP: 37/41 MP: 3/3
   982 | D:2      | Reached skill level 1 in Dodging
   994 | D:2      | Found a runed translucent door.
   995 | D:2      | Noticed Crazy Yiuf
  1056 | D:2      | Noticed Natasha
  1061 | D:2      | Killed Natasha
  1116 | D:2      | Noticed Natasha
  1126 | D:2      | Killed Natasha
  1373 | D:2      | Noticed Sigmund
  1446 | D:3      | Reached XP level 5. HP: 46/47 MP: 4/4
  1519 | D:3      | Found a glowing drain.
  1532 | Sewer    | Entered a sewer
  1674 | Sewer    | Found a white marble altar of Elyvilon.
  1931 | D:3      | Reached skill level 5 in Long Blades
  2088 | D:3      | Noticed Grinder
  2095 | D:3      | Paralysed by Grinder for 5 turns
  2102 | D:3      | Paralysed by Grinder for 3 turns
  2112 | D:3      | HP: 2/47 [Grinder/nerve-wracking pain (12)]
  2112 | D:3      | Killed Grinder
  2113 | D:3      | Reached skill level 5 in Armour
  2113 | D:3      | Reached XP level 6. HP: 2/55 MP: 5/5
  2619 | D:3      | Noticed Ijyb
  2625 | D:3      | Killed Ijyb
  2710 | D:3      | Noticed Terence
  2717 | D:3      | Killed Terence
  2838 | D:3      | Reached skill level 5 in Fighting
  2838 | D:3      | Reached XP level 7. HP: 61/61 MP: 6/6
  3060 | D:4      | Noticed Eustachio
  3132 | D:4      | Killed Eustachio
  3350 | D:4      | Found a hazy altar of Hepliaklqana.
  3350 | D:4      | Found a glowing golden altar of the Shining One.
  3410 | D:4      | Noticed Pikel
  3433 | D:4      | Killed Pikel
  3434 | D:4      | Reached skill level 5 in Shields
  3434 | D:4      | Reached XP level 8. HP: 68/70 MP: 7/7
  3827 | D:2      | Killed Sigmund
  3939 | D:2      | Killed Crazy Yiuf
  4052 | D:5      | Entered Level 5 of the Dungeon
  4074 | D:5      | Noticed Menkaure
  4083 | D:5      | Killed Menkaure
  4084 | D:5      | Reached skill level 6 in Shields
  4313 | D:5      | Found Iphaw Peub's Book Shop.
  4642 | D:5      | Reached XP level 9. HP: 78/78 MP: 8/8
  4924 | D:5      | Noticed a gargoyle
  4945 | D:5      | Killed a gargoyle
  5236 | D:5      | Reached skill level 7 in Shields
  5388 | D:6      | Reached skill level 10 in Long Blades
  5504 | D:6      | Found a staircase to the Ecumenical Temple.
  5522 | Temple   | Entered the Ecumenical Temple
  5621 | Temple   | Became a worshipper of Warmaster Okawaru
  6334 | D:6      | Noticed Edmund
  6367 | D:6      | Killed Edmund
  6374 | D:6      | Reached * piety under Okawaru
  6642 | D:7      | Reached skill level 8 in Shields
  6718 | D:7      | Reached XP level 10. HP: 59/88 MP: 9/9
  6837 | D:7      | Noticed Duvessa
  7075 | D:7      | Noticed Dowan
  7086 | D:7      | Killed Duvessa
  7094 | D:7      | Killed Dowan
  7114 | D:7      | Noticed Joseph
  7140 | D:7      | Killed Joseph
  7564 | D:8      | Found Xioxanun's Vocational Training.
  7722 | D:8      | Reached ** piety under Okawaru
  8792 | D:9      | Reached skill level 9 in Shields
  8974 | D:9      | Reached *** piety under Okawaru
  9037 | D:9      | Reached XP level 11. HP: 97/97 MP: 10/10
  9120 | D:9      | Reached skill level 10 in Shields
  9332 | D:9      | Found a staircase to the Lair.
  9457 | D:9      | Reached **** piety under Okawaru
  9491 | D:9      | Reached skill level 10 in Armour
  9820 | D:10     | Entered Level 10 of the Dungeon
 10533 | D:10     | Noticed Amaemon
 10549 | D:10     | Killed Amaemon
 10550 | D:10     | Reached skill level 10 in Fighting
 10550 | D:10     | Reached skill level 11 in Shields
 10923 | D:11     | Reached ***** piety under Okawaru
 10961 | D:11     | Noticed a wizard
 10971 | D:11     | Killed a wizard
 11189 | D:11     | Received a gift from Okawaru
 11273 | D:11     | Reached skill level 12 in Shields
 11649 | D:12     | Noticed a boulder beetle
 11718 | Lair:1   | Entered Level 1 of the Lair of Beasts
 11954 | Lair:1   | Reached XP level 12. HP: 79/108 MP: 11/11
 12035 | Lair:1   | Noticed a death yak
 12037 | Lair:1   | Noticed a death yak
 12039 | Lair:1   | Noticed a death yak
 12069 | D:9      | Killed a death yak
 12070 | D:9      | Reached skill level 1 in Stealth
 12070 | D:9      | Reached skill level 1 in Invocations
 12242 | D:9      | Killed a death yak
 12267 | D:9      | Killed a death yak
 12268 | D:9      | Reached skill level 13 in Shields
 13196 | Lair:1   | Noticed a boulder beetle
 13215 | Lair:1   | Killed a boulder beetle
 13562 | Lair:2   | Noticed a four-headed hydra
 13620 | Lair:2   | Killed a 15-headed hydra
 13810 | Lair:2   | Reached skill level 14 in Shields
 14117 | Lair:2   | Found a staircase to the Shoals.
 14314 | Lair:2   | Found a staircase to the Snake Pit.
 14589 | Lair:2   | Received a gift from Okawaru
 14589 | Lair:2   | Found the +3 pair of gauntlets of War {Slay+5}
 14758 | Lair:2   | Reached XP level 13. HP: 116/117 MP: 10/12
 14794 | Lair:2   | Reached skill level 15 in Shields
 16043 | D:12     | Found a staircase to the Orcish Mines.
 16094 | D:12     | Reached skill level 16 in Shields
 16301 | D:12     | Found a large runed translucent door.
 16301 | D:12     | Found a large runed translucent door.
 16308 | D:12     | Found a large runed translucent door.
 16308 | D:12     | Found a large runed translucent door.
 16407 | D:12     | Reached skill level 15 in Long Blades
 16777 | D:12     | Identified the +2 great sword "Enorias" {flame, rCorr Str+6
                  | Dex-5}
 16893 | Orc:1    | Entered Level 1 of the Orcish Mines
 17119 | Orc:2    | Entered Level 2 of the Orcish Mines
 17119 | Orc:2    | Noticed an ettin
 17119 | Orc:2    | Found Fuwyti's Antique Armour Boutique.
 17121 | Orc:2    | Noticed an ettin
 17212 | Orc:1    | Killed an ettin
 17230 | Orc:1    | Killed an ettin
 17610 | Orc:1    | Reached skill level 17 in Shields
 17891 | Orc:2    | Bought a pitted chain mail for 294 gold pieces
 17891 | Orc:2    | Identified the +4 chain mail of the Mind {Contam +Blink
                  | rC++ Str+4} (You bought it in a shop on level 2 of the
                  | Orcish Mines)
 17931 | Orc:2    | Found Riniba's Jewellery Shop.
 17969 | Orc:2    | Noticed an ettin
 17993 | Orc:2    | Killed an ettin
 18212 | Orc:2    | Received a gift from Okawaru
 18212 | Orc:2    | Found the +2 pair of slick slippers {slick, slippery, EV+4}
 18213 | Orc:2    | Reached XP level 14. HP: 129/129 MP: 14/14
 18482 | Orc:2    | Found a staircase to the Elven Halls.
 18572 | Orc:2    | Noticed a stone giant
 18584 | Orc:2    | Killed a stone giant
 18612 | Orc:2    | Found Vinoymua's General Store.
 18622 | Orc:2    | Bought a scroll of identify for 32 gold pieces
 18622 | Orc:2    | Bought a scroll of identify for 32 gold pieces
 18625 | Orc:2    | Bought a scroll of identify for 32 gold pieces
 18684 | Orc:2    | Found Ewkoderu's Antique Weapon Shoppe.
 18698 | Orc:2    | Bought a bloodstained scimitar for 288 gold pieces
 18698 | Orc:2    | Identified the +7 scimitar of Wujaumam {antimagic, Dex+2
                  | Stlth+} (You bought it in a shop on level 2 of the Orcish
                  | Mines)
 19366 | Lair:4   | Reached ****** piety under Okawaru
 19407 | Lair:4   | Identified the +7 plate armour of Pessimism {Will+ Regen+
                  | Int+5}
 19576 | Lair:4   | Found a staircase to the Slime Pits.
 19944 | Lair:5   | Entered Level 5 of the Lair of Beasts
 20166 | Lair:5   | Reached skill level 18 in Shields
 20272 | Lair:5   | Reached skill level 1 in Maces & Flails
 20272 | Lair:5   | Reached skill level 5 in Dodging
 20354 | Lair:5   | Identified the +0 cloak "Juuz" {Fly rPois rC-} (Okawaru
                  | gifted it to you on level 5 of the Lair of Beasts)
 20354 | Lair:5   | Received a gift from Okawaru
 20786 | Lair:5   | Reached skill level 19 in Shields
 21123 | Lair:5   | Found a blossoming altar of Fedhas.
 21771 | Orc:1    | Found Komeomig's Weapon Emporium.
 22141 | D:13     | Reached XP level 15. HP: 139/139 MP: 5/15
 23002 | D:14     | Found a glowing golden altar of the Shining One.
 23072 | D:14     | Identified the +2 hat "Ebovaol" {-Cast rElec rF- rN+++}
                  | (Okawaru gifted it to you on level 14 of the Dungeon)
 23072 | D:14     | Received a gift from Okawaru
 23281 | D:14     | Reached skill level 20 in Shields
 23517 | D:14     | Reached skill level 15 in Fighting
 23563 | D:14     | Found a gate to the Vaults.
 23878 | D:15     | Entered Level 15 of the Dungeon
 23929 | D:15     | Found a bloodstained altar of Trog.
 23994 | D:15     | Noticed Josephine
 24007 | D:15     | Killed Josephine
 24064 | D:15     | Got the Folio of Petrified Transmutation
 24181 | D:15     | Found a staircase to the Depths.
 24181 | D:15     | Noticed a fire giant
 24223 | D:15     | Received a gift from Okawaru
 24224 | D:15     | Reached skill level 21 in Shields
 24298 | D:15     | Killed a fire giant
 24433 | D:15     | Reached XP level 16. HP: 138/149 MP: 5/16
 24497 | D:15     | Received a gift from Okawaru
 24819 | Snake:1  | Entered Level 1 of the Snake Pit
 25038 | Snake:1  | Noticed Aizul
 25057 | Snake:1  | Killed Aizul
 25129 | Snake:1  | Identified the ring "Moap" {Ice *Corrode +Blink Str+5 SInv}
 25280 | Snake:1  | Identified the +1 plate armour of Rotation {rC+ Int+6}
                  | (Okawaru gifted it to you on level 1 of the Snake Pit)
 25280 | Snake:1  | Received a gift from Okawaru
 25378 | Snake:1  | Found Maxai's Magic Scroll Shoppe.
 25380 | Snake:1  | Found Baops's Antique Weapon Emporium.
 25558 | Snake:1  | Reached skill level 22 in Shields
 26225 | Snake:2  | Identified the +7 war axe "Myisor" {antimagic, Contam *Slow
                  | rC+ rN+++}
 26662 | Snake:2  | You fall into a shaft and drop 1 floor!
 27188 | Elf:1    | Entered Level 1 of the Elven Halls
 27212 | Elf:1    | Found a radiant altar of Vehumet.
 27292 | Elf:1    | Found a crumbling gateway.
 27510 | Desolati | Entered the Desolation of Salt
 27550 | Desolati | Reached skill level 23 in Shields
 27550 | Desolati | Reached XP level 17. HP: 104/160 MP: 5/17
 27554 | Desolati | Identified the +9 scimitar of Midnight {drain, rN+ MP+9}
                  | (Okawaru gifted it to you in the Desolation of Salt)
 27554 | Desolati | Received a gift from Okawaru
 27744 | Desolati | Reached skill level 15 in Armour
 27756 | Desolati | Identified the ring "Ufuned" {Fire rElec}
 27834 | Desolati | Identified the amulet "Neaqelogg" {+Inv rElec Will- Regen+
                  | Dex-5}
 28162 | Desolati | Received a gift from Okawaru
 28356 | Desolati | Identified the staff of fire "Plog" {rF+ Int+3}
 28406 | Desolati | Got the Grimoire of the Iceberg
 28411 | Desolati | Got the Spellbook of the Gestalt and Conflagration
 28412 | Desolati | Identified the +8 glaive of Dust {heavy, rElec rC+ Str+3}
 28415 | Desolati | Got the Disquisition on Pestilent Calefaction
 28434 | Desolati | Identified the +1 morningstar "Jougouf" {spect, rElec rF+
                  | Stlth+}
 28585 | Elf:1    | Noticed an Ice Fiend
 28849 | Elf:1    | Identified the +4 spear "Lomohaj" {antimagic, rElec Int-4
                  | Dex+8 Stlth-} (Okawaru gifted it to you on level 1 of the
                  | Elven Halls)
 28849 | Elf:1    | Received a gift from Okawaru
 28995 | Elf:1    | Identified the +10 long sword "Puil Gutt" {flame, Str+7
                  | Int-5}
 29098 | Elf:1    | Reached skill level 24 in Shields
 29474 | Elf:1    | Found a runed translucent gate.
 29474 | Elf:1    | Found a runed translucent gate.
 29474 | Elf:1    | Found a runed translucent gate.
 29474 | Elf:1    | Found a runed translucent gate.
 29474 | Elf:1    | Found a runed translucent gate.
 29478 | Elf:1    | Found a runed translucent gate.
 29489 | Elf:1    | Identified the +0 pair of gloves "Bilasat" {-Cast +Inv Fly
                  | rElec}
 29519 | Elf:1    | Identified the +6 plate armour "Qaysibucs" {*Corrode rPois
                  | rC+++ Str+6} (Okawaru gifted it to you on level 1 of the
                  | Elven Halls)
 29519 | Elf:1    | Received a gift from Okawaru
 30477 | Shoals:1 | Entered Level 1 of the Shoals
 30550 | Shoals:1 | Found Ygu Igop's Book Boutique.
 30569 | Shoals:1 | Found a frozen archway.
 30594 | IceCv    | Entered an ice cave
 30601 | IceCv    | Reached XP level 18. HP: 171/171 MP: 18/18
 30656 | IceCv    | Identified the +1 ice dragon scales of Inquiry {rF- rC++
                  | MP+9}
 31006 | IceCv    | Found the +2 Maxwell's thermic engine {flame, freeze, rev}
 31354 | IceCv    | Received a gift from Okawaru
 31770 | Shoals:1 | Found Vievodem's Distillery.
 31774 | Shoals:1 | Noticed Jorgrun
 31780 | Shoals:1 | Killed Jorgrun
 31781 | Shoals:1 | Found Gekhott's Armour Boutique.
 31788 | Shoals:1 | Reached skill level 25 in Shields
 31809 | Shoals:1 | Bought a potion of haste for 140 gold pieces
 31809 | Shoals:1 | Bought a potion of heal wounds for 70 gold pieces
 31809 | Shoals:1 | Bought a potion of might for 56 gold pieces
 31841 | Shoals:1 | Bought the +3 crown of Dyrovepreva {rElec Int+2 SInv} for
                  | 745 gold pieces
 31841 | Shoals:1 | Found the +3 crown of Dyrovepreva {rElec Int+2 SInv}
 31866 | Shoals:1 | Bought the +0 cloak "Ficzoi Atzi" {rElec Str+4 SInv} for
                  | 559 gold pieces
 32163 | Shoals:1 | Found Moroad's Distillery.
 32171 | Shoals:1 | Bought a potion of heal wounds for 90 gold pieces
 32171 | Shoals:1 | Bought a potion of resistance for 180 gold pieces
 32964 | Shoals:2 | Received a gift from Okawaru
 34448 | Snake:4  | Entered Level 4 of the Snake Pit
 34720 | Snake:4  | Noticed Asterion
 34773 | Snake:4  | Killed Asterion
 34871 | Snake:4  | Reached skill level 26 in Shields
 35318 | Snake:4  | Reached XP level 19. HP: 173/181 MP: 19/19
 35587 | Snake:4  | Identified the staff of conjuration "Ilef" {*Slow Fly rN++
                  | SInv}
 35801 | Snake:4  | Got a serpentine rune of Zot
 36759 | Shoals:3 | Received a gift from Okawaru
 36908 | Shoals:3 | Found Tisoqawn's Book Boutique.
 37179 | Shoals:4 | Entered Level 4 of the Shoals
 37179 | Shoals:4 | Noticed Louise
 37204 | Shoals:4 | Reached skill level 27 in Shields
 37214 | Shoals:4 | Killed Louise
 37756 | Shoals:4 | Got the Quarto of Polar Blasting
 37770 | Shoals:4 | Got a barnacled rune of Zot
 37783 | Shoals:4 | Received a gift from Okawaru
 37885 | Shoals:4 | Noticed Donald
 37896 | Shoals:4 | Killed Donald
 37946 | Shoals:4 | Identified the +1 glaive of Nemelex Xobeh's Hope {flame,
                  | +Blink rN+ rCorr Int-4}
 38765 | Elf:2    | Found a runed translucent gate.
 38765 | Elf:2    | Found a runed translucent gate.
 38766 | Elf:2    | Found a runed translucent gate.
 38927 | Elf:2    | Paralysed by an air elemental for 1 turns
 38928 | Elf:2    | Reached XP level 20. HP: 194/195 MP: 20/20
 38932 | Elf:2    | Noticed Roxanne
 38963 | Elf:2    | Killed Roxanne
 39177 | Elf:3    | Entered Level 3 of the Elven Halls
 39331 | Elf:3    | Found Naunt's Antique Armour Emporium.
 39336 | Elf:3    | Bought a brightly glowing chain mail for 313 gold pieces
 39336 | Elf:3    | Identified the +3 chain mail of Gallantry {Dex+3} (You
                  | bought it in a shop on level 3 of the Elven Halls)
 39500 | Elf:3    | Found Keorit's Armour Emporium.
 39585 | Elf:3    | Found Nahaluvu's Assorted Antiques.
 39995 | Elf:3    | Noticed Zenata
 40011 | Elf:3    | Identified the ring "Keppuiru" {EV+5 Str-5 Int+4 Dex+7}
 40013 | Elf:3    | Killed Zenata
 40026 | Elf:3    | Received a gift from Okawaru
 40592 | Elf:3    | Identified the ring "Qasoe" {Str+6 Int+7 Stlth-}
 40599 | Elf:3    | Gained mutation: You are frail. (-10% HP) [a cacodemon]
 40607 | Elf:3    | Identified the ring of Summertime {rC- Str+6 Int+5 Dex+2}
 40774 | Abyss:2  | Found a corrupted altar of Lugonu.
 40774 | Abyss:2  | Cast into level 2 of the Abyss (a deep elf sorcerer)
 40807 | Abyss:2  | Found a corrupted altar of Lugonu.
 40864 | Abyss:2  | Gained mutation: Armour fits poorly on your strangely
                  | shaped body. [a neqoxec]
 41052 | Elf:3    | Escaped the Abyss
 41069 | Elf:3    | Received a gift from Okawaru
 41228 | Elf:3    | Identified the +0 pair of boots of the Distant Future
                  | {rElec rC+}
 41247 | Elf:3    | Identified the +8 plate armour of Matadarr {rElec Int+3}
 41252 | Elf:3    | Got the Catalogue of Mutated Direction
 41257 | Elf:3    | Got the Tome of the Torrid Crevasse
 42086 | Elf:3    | Identified the +1 ring mail of Lust {Str+5}
 42223 | Elf:3    | Bought a smoking plate armour for 1008 gold pieces
 42223 | Elf:3    | Identified the +0 plate armour "Xanuon" {Harm rPois Dex-4}
                  | (You bought it in a shop on level 3 of the Elven Halls)
 42426 | Vaults:1 | Entered Level 1 of the Vaults
 42899 | Vaults:1 | Received a gift from Okawaru
 43102 | Vaults:1 | Got Unoits's Precepts of Energy
 43437 | Vaults:2 | Identified a scroll of acquirement
 43479 | Vaults:2 | Reached XP level 21. HP: 188/188 MP: 21/21
 43583 | Vaults:2 | Received a gift from Okawaru
 43783 | Vaults:2 | Identified the amulet "Geyp Icvoo" {Spirit +Inv rPois rF-
                  | rCorr}
 43935 | Vaults:2 | Received a gift from Okawaru
 44427 | Vaults:3 | Found Lenwosu's Armour Shoppe.
 44609 | Vaults:3 | HP: 2/189 [vault warden/+1 heavy great sword (22)]
 44616 | Vaults:3 | Killed from afar by a tengu reaver

Illustrated notes

Levels and vault maps discovered:
D:1:      scummos_arrival_star, layout_basic
D:2:      layout_basic, uniq_natasha, uniq_crazy_yiuf_cottage, uniq_sigmund
D:3:      minmay_diamond_boxcup, layout_loops_corners, portal_sewer_entry_d,
          uniq_ijyb, uniq_terence, uniq_grinder
D:4:      layout_basic, gammafunk_temple_overflow_wave, uniq_eustachio,
          uniq_pikel
D:5:      layout_gridville, serial_shops, shop, st_stairs_7,
          kennysheep_opposing_triangles, uniq_menkaure
D:6:      minmay_spotlight, layout_gridville, minmay_temple_entry_grid,
          uniq_edmund
D:7:      layout_rooms, uniq_duvessa, uniq_joseph
D:8:      layout_basic, nicolae_shop_vocational
D:9:      layout_roguey, grunt_lair_entry_orc_guard_hut, kennysheep_kite_vault
D:10:     layout_gridville, special_room [special_room_orc], uniq_amaemon
D:11:     layout_loops_ring
D:12:     layout_cave_pools, orc_david_3, minmay_hollow_rounded_squares
D:13:     layout_cave_pods
D:14:     cheibrodos_fzero, layout_small_grid, erik_vaults_2,
          nicolae_tso_swordbearing_angel, nicolae_underground_beach
D:15:     grunt_enter_depths_giant_problem, layout_rooms, bloody_trog,
          minmay_misc_feat_diagonals, grunt_potential, uniq_josephine
Temple:   mainiacjoe_temple_cubbyholes
Lair:1:   layout_hall_layers, st_stairs_4, cheibrodos_lair_reptile_den
Lair:2:   layout_roguey, minmay_shoals_entry_beasts,
          minmay_snake_entry_six_corridors, infiniplex_staircase_pool_2
Lair:3:   layout_layer_cave
Lair:4:   layout_long_grid, slime_entry_1
Lair:5:   hangedman_lair_caniforms_friends, layout_regular_city,
          roderic_batcave, bh_autumn_forest_stairs,
          chequers_serial_rivers_micro_d, tgw_fedhas
Shoals:1: layout_shoals, serial_shops, shop, shop, nicolae_book_shop_shelving,
          shop, portal_ice_cave_entry_dragon,
          nicolae_shoals_hidden_pirate_stash, uniq_jorgrun
Shoals:2: layout_shoals, nicolae_shoals_aquamancer_cove
Shoals:3: nicolae_shoals_offshore_bank_account, layout_shoals, serial_shops,
          shop, nicolae_shoals_wave_tunnel
Shoals:4: shoals_end_simple, layout_shoals, uniq_donald, uniq_louise
Snake:1:  kennysheep_six_static_rooms, layout_misc_corridors, drop_trap,
          minmay_shoptagon, uniq_aizul
Snake:2:  layout_layer_cave
Snake:3:  layout_onion_interference, nrook_guardian_serpent_double
Snake:4:  minmay_snake_end_coiled, layout_basic, uniq_asterion
Orc:1:    layout_diamond_mine, serial_shops, nicolae_shop_bloodbath_and_beyond,
          nicolae_orc_crystal_geode
Orc:2:    grunt_orc_gardens, layout_caves, grunt_orc_garden, grunt_orc_garden,
          grunt_orc_garden, grunt_orc_garden
Elf:1:    eino_elf_arrival_altar, layout_gridlike,
          portal_desolation_entry_twin_temple, orc_legates
Elf:2:    elven_hall_of_blades_hangedman_original
          [infiniplex_blade_entry_pillars], layout_geoelf_diagonals,
          uniq_roxanne
Elf:3:    elf_hall, layout_loops_cross, serial_shops, shop,
          nicolae_shop_pleasant_corner_grove, nicolae_shop_window_shopping,
          st_stairs_5, uniq_zenata
Vaults:1: nicolae_vaults_trapezoid_1, nicolae_vaults_closet_pinwheel_3,
          vaults_room_hangedman_quadrants, nicolae_vaults_trapezoid_lopsided_3,
          v_misc_3, nicolae_vaults_tetromino_L_2, ontoclasm_vaults_shuriken,
          vaults_room_pool, nicolae_vaults_double_plus_1,
          nicolae_vaults_little_ls, grunt_vaults_bifocal,
          nicolae_vaults_diagonal_hallway_8, nicolae_vaults_sightless_eye,
          layout_vaults_omnibox
Vaults:2: nicolae_vaults_little_squares_3, nicolae_vaults_shipping_containers_7,
          vaults_dpeg_hooks, nicolae_vaults_little_squares_5, v_misc_12,
          v_misc_24, nicolae_vaults_tetromino_T_2, nicolae_vaults_house_2,
          nicolae_vaults_heart-shaped_vault, layout_vaults_maze_snakey
Vaults:3: vaults_room_grid, minmay_crypt_entry_necro_gods, v_pattern_2,
          kb_rosetta, nicolae_vaults_taking_the_gang_shopping,
          nicolae_vaults_house_3, nicolae_vaults_wine_cellar, v_misc_1,
          nicolae_vaults_three_branches, nicolae_vaults_asterisk,
          vaults_room_stairs_pillars, ontoclasm_vaults_eye,
          vaults_dpeg_diagonal, layout_vaults_omnigrid, serial_shops, shop,
          uniq_xtahua

Skill      XL: |  1  2  3  4  5  6  7  8  9 10 11 12 13 14 15 16 17 18 19 20 21 |
---------------+----------------------------------------------------------------+-----
Fighting       | 4 5 6 8 9 10 11 13 14 15 16 17 18 20 22 23 | 23.1
Armour         | 4 5 6 7 9 10 11 12 13 14 15 16 17 | 17.7
Shields        | 4 5 6 8 9 12 14 17 19 21 23 24 26 27 | 27.0
Long Blades    | 3 4 5 6 8 9 10 12 13 14 15 16 17 18 19 21 22 23 | 23.6
Dodging        | 1 2 3 4 5 6 7 |  7.6
Stealth        | 1 2 |  2.7
Invocations    | 1 2 |  2.6
Maces & Flails | 2 |  2.2

Action                     |  1- 3 |  4- 6 |  7- 9 | 10-12 | 13-15 | 16-18 | 19-21 || total
---------------------------+-------+-------+-------+-------+-------+-------+-------++-------
  Melee: Long sword        |    77 |   105 |   312 |   894 |   413 |       |       ||  1801
         Headbutt          |     7 |    21 |    60 |   249 |   347 |   373 |   332 ||  1389
         Scimitar          |       |       |       |       |   741 |   892 |       ||  1633
         Whip              |       |       |       |       |    18 |       |       ||    18
         Double sword      |       |       |       |       |       |   428 |  1145 ||  1573
         Demon blade       |       |       |       |       |       |       |    80 ||    80
 Invoke: Heroism           |       |       |     1 |    11 |     9 |    11 |     5 ||    37
  Evoke: Wand              |       |       |       |       |       |     4 |       ||     4
    Use: Potion            |     4 |     4 |     1 |     1 |     2 |       |     9 ||    21
         Scroll            |       |     4 |     5 |    10 |     6 |    11 |     5 ||    41
   Stab: Distracted        |       |       |       |       |     1 |       |       ||     1
 Armour: Scale mail        |    38 |    61 |    33 |       |       |       |       ||   132
         Plate armour      |       |       |   151 |   232 |   247 |   269 |   376 ||  1275
         Ice dragon scales |       |       |       |       |       |    28 |       ||    28
  Dodge: Dodged            |    36 |    69 |   116 |   113 |   225 |   344 |   428 ||  1331
  Block: Buckler           |    16 |    32 |    13 |       |       |       |       ||    61
         Kite shield       |       |       |   190 |   116 |       |       |   409 ||   715
         Tower shield      |       |       |       |   849 |  1522 |  1722 |  1275 ||  5368
         Reflection        |       |       |       |    26 |    83 |   223 |   161 ||   493
